 Dungeon Crawl Stone Soup version 0.24.0-37-gcf1ca852f1 (webtiles) character file.

Game seed: 11778173074829995946, levelgen mode: deterministic

116 H0rd4k the Charlatan (level 5, -1/37 HPs)
             Began as a Human Artificer on Dec 6, 2019.
             Slain by a kobold
             ... wielding a +4 whip of electrocution
              (13 damage)
             ... on level 3 of the Dungeon.
             The game lasted 00:04:30 (2338 turns).

H0rd4k the Charlatan (Human Artificer)              Turns: 2338, Time: 00:04:30

Health: -1/37      AC:  4    Str: 13    XL:     5   Next: 21%
Magic:  7/7        EV: 12    Int: 11    God:
Gold:   76         SH:  0    Dex: 14    Spells: 4/4 levels left

rFire    . . .     SeeInvis .   a - +0 short sword
rCold    . . .     Gourm    .   (no shield)
rNeg     . . .     Faith    +   b - +0 leather armour
rPois    .         Spirit   .   (no helmet)
rElec    .         Reflect  .   (no cloak)
rCorr    .         Harm     .   (no gloves)
MR       .....                  (no boots)
Stlth    +.........             j - amulet of faith
HPRegen  0.12/turn              h - +1 ring of protection
MPRegen  0.10/turn              (no ring)

@: drained
A: no striking features
a: no special abilities


You were on level 3 of the Dungeon.
You were near starving.

You visited 1 branch of the dungeon, and saw 3 of its levels.

You collected 76 gold pieces.

Inventory:

Hand Weapons
 a - a +0 short sword (weapon)
Missiles
 q - 6 poisoned darts (quivered)
Armour
 b - a +0 leather armour (worn)
Jewellery
 h - a +1 ring of protection (left hand)
 j - an amulet of faith (around neck)
Wands
 c - a wand of flame (11)
 d - a wand of enslavement (15)
 e - a wand of random effects (9)
Scrolls
 i - a scroll of remove curse {unknown}
 m - 4 scrolls of identify {unknown}
Potions
 g - a potion of brilliance {unknown}
 k - a potion of might {unknown}
 l - a potion of resistance {unknown}
 n - 2 potions of lignification {unknown}
 o - a potion of curing {unknown}
 p - a potion of agility {unknown}
Comestibles
 f - 4 rations


   Skills:
 + Level 1.2(0.7) Fighting
 + Level 1.7(1.2) Short Blades
 + Level 0.4(0.0) Throwing
 + Level 2.1(1.5) Armour
 + Level 3.1(2.5) Dodging
 + Level 1.4(0.9) Stealth
 + Level 3.5(2.9) Evocations


You had 4 spell levels left.
You didn't know any spells.
Your spell library was empty.

Dungeon Overview and Level Annotations

Branches:
Dungeon (3/15)

Altars:
Cheibriados
Zin


Message History

You barely miss the orc.
The orc is severely wounded.
The orc hits you with a +0 club.
* * * LOW HITPOINT WARNING * * *
You are near starving!
Things that are here:
a +0 ring mail; a stone; an orc corpse An orc comes into view.
It is wielding a +0 dagger.
Throwing (i - inventory)
q - 7 poisoned darts (quivered)
Press: ? - help, Shift-Dir - straight line, f/p - orc
Aim: an orc, wielding a +0 club and wearing a +0 scale mail (severely wounded)
You throw a poisoned dart. The poisoned dart hits the orc.
The orc is poisoned.
The orc is severely wounded.
You kill the orc!
The kobold throws a stone.
The stone closely misses you.
Items here: ( ) [ † a +0 club; a +0 scale mail; a poisoned dart; an orc corpse You hit the kobold but do no damage.
The kobold hits you but does no damage.
You are electrocuted!
You die...

###
###########.#
#)(....@K...#
#.#########.#
#.# #.# #.#
#K# #.# #.#
#.# #.# #.#
#.# #.#####
#.# #.....#
#.#


You could see a kobold.

Vanquished Creatures
  An orc priest (D:3)
  An orc wizard (D:3)
  An adder (D:2)
  An ooze (D:2)
  A dart slug (D:2)
  2 leopard geckos (D:2)
  3 orcs (D:3)
  2 ball pythons (D:2)
  6 bats (D:2)
  2 giant cockroaches (D:1)
  7 hobgoblins
  3 kobolds
  A frilled lizard (D:2)
  5 goblins
  5 rats
41 creatures vanquished.

Notes
Turn   | Place    | Note
-------+----------+-------------------------------------------
     0 | D:1      | H0rd4k the Human Artificer began the quest for the Orb.
     0 | D:1      | Reached XP level 1. HP: 15/15 MP: 3/3
   375 | D:1      | Reached XP level 2. HP: 12/21 MP: 4/4
  1032 | D:2      | Reached XP level 3. HP: 8/26 MP: 5/5
  1787 | D:2      | Reached skill level 1 in Armour
  1817 | D:2      | Reached XP level 4. HP: 5/32 MP: 6/6
  2242 | D:3      | Found a snail-covered altar of Cheibriados.
  2267 | D:3      | Found a glowing silver altar of Zin.
  2278 | D:3      | Reached XP level 5. HP: 8/37 MP: 7/7
  2338 | D:3      | Slain by a kobold

Levels and vault maps discovered:
D:1:      nicolae_arrival_memento_mori, layout_loops_corners,
          minmay_pentomino_p4
D:2:      layout_loops_ring, due_unseen_surprise
D:3:      minmay_octagon_keep, layout_basic, lemuel_coloured_pillars_altar,
          chequers_temple_overflow_statue_of_worship, first_ration,
          chequers_ecumenical_altar_grove

Skill      XL: |  1  2  3  4 |
---------------+-------------+-----
Armour         | 1 2 |  2.1
Dodging        | 3 |  3.1
Fighting       | |  1.2
Short Blades   | |  1.7
Throwing       | |  0.4
Stealth        | |  1.4
Evocations     | |  3.5

Action                   |  1- 3 |  4- 6 || total
-------------------------+-------+-------++-------
Melee: Short sword       |   171 |    11 ||   182
Throw: Dart              |       |    16 ||    16
Evoke: Wand              |     4 |     6 ||    10
 Stab: Sleeping          |     4 |       ||     4
  Eat: Chunk             |     3 |       ||     3
Armor: Leather armour    |    65 |     3 ||    68
Dodge: Dodged            |   129 |     9 ||   138
